 Dungeon Crawl Stone Soup version 0.19-a0-1008-g4c63d25 (webtiles) character file.

28 epen the Insei (level 3, 0/26 HPs)
             Began as a Merfolk Transmuter on July 23, 2016.
             Slain by an adder (5 damage)
             ... on level 1 of the Dungeon.
             The game lasted 00:01:11 (810 turns).

epen the Insei (Merfolk Transmuter)                  Turns: 810, Time: 00:01:12

Health: 0/26       AC:  2    Str: 10    XL:     3   Next: 14%
Magic:  0/6        EV: 13    Int: 18    God:
Gold:   56         SH:  0    Dex: 14    Spells: 3 memorised, 0 levels left

rFire  . . .     SeeInvis .       - Unarmed
rCold  . . .     Gourm    .     b - +0 robe
rNeg   . . .     Faith    .     (no shield)
rPois  .         Spirit   .     (no helmet)
rElec  .         Dismiss  .     (no cloak)
rCorr  .         Reflect  .     (no gloves)
SustAt .         Harm     .     (no boots)
MR     .....                    g - amulet of regeneration
Stlth  +.........               (no ring)
                                (no ring)

@: brilliant, lethally poisoned (0 -> 0), not resistant to hostile enchantments,
very unstealthy
A: change form in water, swift swim
a: no special abilities


You were on level 1 of the Dungeon.
You were not hungry.

You visited 1 branch of the dungeon, and saw 1 of its levels.

You collected 56 gold pieces.

Inventory:

Missiles
 a - 12 arrows
Armour
 b - a +0 robe (worn)
Jewellery
 g - an amulet of regeneration (around neck)
Scrolls
 e - a scroll of identify {unknown}
 k - a scroll of enchant armour {unknown}
Potions
 f - 2 potions of cancellation
 j - a potion of haste {unknown}
 l - a potion of heal wounds {unknown}
Books
 c - a book of Changes

   Spells                             Type                      Level
   a - Beastly Appendage              Transmutation                1
   b - Sticks to Snakes               Transmutation                2
   c - Spider Form                    Transmutation/Poison         3
   d - Ice Form                       Ice/Transmutation            4
   e - Blade Hands                    Transmutation                5
Comestibles
 d - a bread ration
 i - 8 chunks of flesh


   Skills:
 + Level 1.1 Fighting
 + Level 3.0 Dodging
 + Level 3.6 Unarmed Combat
 * Level 2.3 Spellcasting
 * Level 3.5 Transmutations


You couldn't memorise any spells.
You knew the following spells:

 Your Spells              Type           Power        Failure   Level  Hunger
a - Beastly Appendage     Tmut           ####..       1%          1    #......
b - Sticks to Snakes      Tmut           ####....     1%          2    ##.....
c - Spider Form           Tmut/Pois      ###.......   3%          3    ###....


Dungeon Overview and Level Annotations

Branches:
Dungeon (1/15)

Altars:


Message History

You grow a pair of large bovine horns.
You feel sick. The adder closely misses you.
Unknown command.
You closely miss the adder.
The adder is lightly wounded.
The adder misses you.
You closely miss the adder. You headbutt the adder.
The adder is heavily wounded.
The adder bites you.
* * * LOW HITPOINT WARNING * * *
The adder barely misses you.
It was a potion of cancellation.
Your magical effects are unravelling.
Your magical contamination has completely faded away.
You feel magically purged.
You feel sick. The adder bites you.
* * * LOW HITPOINT WARNING * * *
It was a potion of brilliance.
You feel clever all of a sudden.
Your horns disappear.
The adder bites you.
You die...

#.....[......###...## #.#.#
.............##.....## ###.##
.....#..#..###.....).## ##.#.#
.....##....##.........####....##
............'.........'........#
...........##.........###......#
##.........###.......## #.#.##.#
##........# ##.....## #.#.##.#
#......### ##@..## #......#
#.....#⌠# ##S## ###.####
##......## #.# #.# ##........##
#.# #.#
...........######.####### #.#
........................#
.....##.......#.....###.#
.....#..#.....##...####.###.#
.......##..#.###...#........#


You could see an adder.

Vanquished Creatures
  3 dart slugs (D:1)
  4 goblins (D:1)
  3 hobgoblins (D:1)
  4 jackals (D:1)
  2 kobolds (D:1)
  A bat (D:1)
  2 rats (D:1)
19 creatures vanquished.

Notes
Turn   | Place    | Note
-------+----------+-------------------------------------------
     0 | D:1      | epen the Merfolk Transmuter began the quest for the Orb.
     0 | D:1      | Reached XP level 1. HP: 15/15 MP: 3/3
   283 | D:1      | Reached XP level 2. HP: 21/21 MP: 5/5
   287 | D:1      | Learned a level 2 spell: Sticks to Snakes
   711 | D:1      | Reached XP level 3. HP: 26/26 MP: 6/6
   760 | D:1      | Learned a level 3 spell: Spider Form
   810 | D:1      | Slain by an adder

Vault maps used:
D:1:      lemuel_arrival_hallway, kennysheep_decorative_pillar,
          minmay_misc_feat_five

Skill      XL: |  1  2 |
---------------+-------+-----
Transmutations | 3 |  3.5
Dodging        | 3 |  3.0
Fighting       | |  1.1
Unarmed Combat | |  3.6
Spellcasting   | |  2.3

Action                   || total
-------------------------++-------
Melee: Unarmed           ||    77
       Headbutt          ||     3
 Cast: Beastly Appendage ||     3
  Use: Potion            ||     2
 Stab: Sleeping          ||     2
Armor: Robe              ||     7
Dodge: Dodged            ||    61
